 Dungeon Crawl Stone Soup version 0.26-a0-800-g517d6fe721 (webtiles) character file.

Game seed: 3658407975221123680

1715 marcb3 the Covert (level 8, -5/40 HPs)
             Began as a Spriggan Enchanter on Nov 11, 2020.
             Was a Priest of Dithmenos.
             Splashed by a jelly's acid (7 damage)
             ... on level 6 of the Dungeon.
             The game lasted 00:21:40 (7920 turns).

marcb3 the Covert (Spriggan Enchanter)              Turns: 7920, Time: 00:21:40

Health: -5/40      AC: -9    Str:  4    XL:     8   Next: 74%
Magic:  13/15      EV: 22    Int: 16    God:    Dithmenos [***...]
Gold:   382        SH:  0    Dex: 19    Spells: 3/15 levels left

rFire    . . .     SeeInvis +   a - +2 dagger
rCold    . . .     Faith    .   (shield restricted)
rNeg     . . .     Spirit   .   t - +0 robe
rPois    .         Reflect  .   (helmet restricted)
rElec    .         Harm     .   q - +0 cloak
rCorr    .         Rampage  .   (gloves unavailable)
MR       +....                  (boots unavailable)
Stlth    ++++++....             (no amulet)
HPRegen  0.13/turn              (no ring)
MPRegen  0.14/turn              (no ring)

@: corroded, wreathed by umbra, very quick
A: very small, unfitting armour, see invisible, speed 3
a: Shadow Step, Renounce Religion


You were on level 6 of the Dungeon.
You worshipped Dithmenos.
Dithmenos was most pleased with you.
You visited 1 branch of the dungeon, and saw 6 of its levels.
You also visited: Sewer and Ossuary.

You collected 485 gold pieces.
You spent 103 gold pieces at shops.

Inventory:

Hand Weapons
 a - a +2 dagger (weapon)
 b - a +0 rapier
   (You took it off Eustachio on level 5 of the Dungeon)
Missiles
 c - 30 poisoned darts
 i - 7 atropa-tipped darts
Armour
 q - a +0 cloak (worn)
   (You bought it in a shop on level 4 of the Dungeon)
 t - a +0 robe (worn)
Jewellery
 o - an uncursed amulet of the acrobat {unknown}
   (You found it on level 4 of the Dungeon)
 y - an uncursed ring of protection from fire {unknown}
   (You found it on level 6 of the Dungeon)
Wands
 u - a wand of enslavement (8)
   (You found it on level 5 of the Dungeon)
Scrolls
 d - a scroll of silence {unknown}
 e - a scroll of noise {!r}
 j - 2 scrolls of immolation {!r}
 l - a scroll of teleportation {unknown}
 m - a scroll of amnesia {unknown}
 p - 3 scrolls of identify {@r1}
 r - 2 scrolls of remove curse {@r2}
 x - a scroll of magic mapping
Potions
 f - 8 potions of curing {@q1}
 g - 2 potions of ambrosia {unknown}
 h - 2 potions of berserk rage {unknown}
 k - a potion of haste {@q3}
 n - a potion of heal wounds {@q2}
 s - a potion of degeneration {unknown}
 v - a potion of resistance {unknown}
 w - 2 potions of magic {unknown}


   Skills:
 - Level 3.0 Fighting
 + Level 5.2 Short Blades
 * Level 5.9 Dodging
 + Level 8.3 Stealth
 + Level 4.3 Spellcasting
 - Level 1.0 Conjurations
 - Level 8.0 Hexes
 - Level 1.0 Ice Magic
 - Level 2.0 Invocations


You had 3 spell levels left.
You knew the following spells:

 Your Spells              Type           Power        Failure   Level
a - Ensorcelled Hibernat  Hex/Ice        ###...       3%          2
b - Confusing Touch       Hex            ####....     1%          3
c - Tukima's Dance        Hex            ####....     1%          3
d - Dazzling Flash        Conj/Hex       ###...       8%          3
v - Corona                Hex            ####...      1%          1

Your spell library contained the following spells:

 Spells                   Type           Power        Failure   Level


Dungeon Overview and Level Annotations

Branches:
Dungeon (5/15)              Sewer (visited)         Ossuary (visited)
 Temple: D:4-7

Altars:
Cheibriados
Dithmenos
Fedhas
Kikubaaqudgha
Makhleb
Nemelex Xobeh
Qazlal
Trog
Xom
Zin

Shops:
D:4 }=:}[


Innate Abilities, Weirdness & Mutations

You are very small and have problems with some larger weapons.
You are too small for most types of armour.
You have supernaturally acute eyesight. (SInv)
You cover ground extremely quickly.


Message History

A bullfrog zombie is nearby!
The helpless bullfrog zombie fails to defend itself.
You spit the bullfrog zombie like a pig!!!
You destroy the bullfrog zombie!
Dithmenos accepts your kill.
You feel as though Xom is toying with you.
Suddenly, the walls become transparent!
You open the door.
A jelly comes into view.
The jelly hits you but does no damage.
There is an open door here.
You hit the jelly.
Your hands burn!
You take 1 damage, and have 39/40 hp.
You hit the jelly.
Your hands burn!
You take 3 damage, and have 36/40 hp.
You hit the jelly.
Your hands burn!
The jelly misses you.
You take 3 damage, and have 33/40 hp.
You hit the jelly. The acid corrodes you!
Your hands burn!
The jelly hits you.
You are splashed with acid!
You take 10 damage, and have 23/40 hp.
MASSIVE DAMAGE!!
Unknown command.
You hit the jelly but do no damage.
Your hands burn!
You take 1 damage, and have 22/40 hp.
You hit the jelly but do no damage.
Your hands burn!
* * * LOW HITPOINT WARNING * * *
The jelly hits you.
* * * LOW HITPOINT WARNING * * *
You are splashed with acid!
* * * LOW HITPOINT WARNING * * *
You take 11 damage, and have 11/40 hp.
MASSIVE DAMAGE!!
You hit the jelly but do no damage.
Your hands burn!
* * * LOW HITPOINT WARNING * * *
The jelly completely misses you.
You take 4 damage, and have 7/40 hp.
Unknown command.
Unknown command.
You hit the jelly. The acid corrodes you!
Your hands burn!
* * * LOW HITPOINT WARNING * * *
You take 5 damage, and have 2/40 hp.
Unknown command.
Unknown command.
The jelly quivers.
Aim: a jelly (almost dead, umbra, chance to defeat MR: 56%)
The jelly resists with significant effort.
The jelly hits you.
* * * LOW HITPOINT WARNING * * *
The acid corrodes you!
You are splashed with acid!
You die...

############
#..........# #########
#.....@....#
........###.....J....#
#######.....#+##'##+##
#........##J##.#
#.###....##+##+##+#
...#....###.......#
#.........#..._...
#.##....####.....# #
##...†..####


You could see 2 jellies.

Vanquished Creatures
  Sigmund (D:4)
  Eustachio (D:5)
  A water moccasin (Sewer)
  A necrophage (D:4)
  2 ogres
  2 phantoms (D:4)
  A bullfrog (D:6)
  A vampire bat (D:4)
  2 human zombies (Ossuary)
  A quasit (D:5)
  A bullfrog zombie (D:6)
  2 bullfrog skeletons (D:5)
  2 centaur zombies (Ossuary)
  2 jellies (D:5)
  2 orc wizards
  An iguana (D:4)
  An iron imp (D:5)
  Natasha (thrice) (D:3)
  A worker ant (D:4)
  A big kobold zombie (Ossuary)
  3 mummies
  7 adders
  3 adder zombies (Ossuary)
  An adder skeleton (D:5)
  5 worms
  2 dart slugs
  A leopard gecko (D:2)
  9 orcs
  3 ball pythons
  2 bat skeletons (D:4)
  3 bat zombies (D:4)
  3 giant cockroaches
  12 goblins
  7 hobgoblins
  5 jackals
  9 kobolds
  10 bats
  2 frilled lizards
  A goblin zombie (Ossuary)
  6 hobgoblin zombies (Ossuary)
  A jackal zombie (Ossuary)
  14 kobold zombies (Ossuary)
  5 orc zombies (Ossuary)
  A quokka skeleton (D:4)
  9 rats
  2 rat zombies (Ossuary)
155 creatures vanquished.

Notes
Turn   | Place    | Note
-------+----------+-------------------------------------------
     0 | D:1      | marcb3 the Spriggan Enchanter began the quest for the Orb.
     0 | D:1      | Reached XP level 1. HP: 9/9 MP: 5/5
   241 | D:1      | Reached skill level 5 in Stealth
   364 | D:1      | Reached XP level 2. HP: 13/13 MP: 6/6
   372 | D:1      | Learned a level 2 spell: Ensorcelled Hibernation
  1166 | D:2      | Found a stormy altar of Qazlal.
  1299 | D:2      | Found a shadowy altar of Dithmenos.
  1302 | D:2      | Reached skill level 2 in Short Blades
  1302 | D:2      | Reached XP level 3. HP: 16/16 MP: 8/8
  1307 | D:2      | Became a worshipper of Dithmenos the Shadowed
  1315 | D:2      | Reached skill level 6 in Stealth
  1376 | D:2      | Found a burning altar of Makhleb.
  1752 | D:2      | Reached XP level 4. HP: 21/21 MP: 0/9
  2544 | D:3      | Reached skill level 7 in Stealth
  2557 | D:3      | Found a blossoming altar of Fedhas.
  2587 | D:3      | HP: 5/21 [goblin/stone (2)]
  2724 | D:3      | Found a bloodstained altar of Trog.
  2848 | D:3      | Found a glowing drain.
  2857 | Sewer    | Entered a sewer
  3137 | Sewer    | Noticed a water moccasin
  3151 | Sewer    | Killed a water moccasin
  3151 | Sewer    | Reached skill level 4 in Short Blades
  3151 | Sewer    | Reached skill level 8 in Stealth
  3151 | Sewer    | Reached XP level 5. HP: 24/24 MP: 5/10
  3382 | D:3      | Noticed Natasha
  3388 | D:3      | Killed Natasha
  3481 | D:3      | Reached * piety under Dithmenos
  3638 | D:3      | Noticed Natasha
  3681 | D:3      | Killed Natasha
  3681 | D:3      | Reached skill level 3 in Spellcasting
  3681 | D:3      | Reached skill level 4 in Hexes
  3681 | D:3      | Reached XP level 6. HP: 11/28 MP: 0/11
  3688 | D:3      | Noticed Natasha
  3887 | D:3      | Killed Natasha
  4318 | D:3      | Found a sparkling altar of Nemelex Xobeh.
  4859 | D:4      | Learned a level 3 spell: Confusing Touch
  4886 | D:4      | Reached skill level 5 in Short Blades
  5084 | D:4      | Reached skill level 5 in Hexes
  5159 | D:4      | Found an ancient bone altar of Kikubaaqudgha.
  5166 | D:4      | Reached skill level 4 in Spellcasting
  5166 | D:4      | Reached skill level 1 in Invocations
  5166 | D:4      | Reached XP level 7. HP: 32/32 MP: 12/14
  5236 | D:4      | Found Tuocoum's Gadget Shoppe.
  5240 | D:4      | Reached ** piety under Dithmenos
  5388 | D:4      | Noticed Sigmund
  5446 | D:4      | Reached skill level 6 in Hexes
  5626 | D:4      | Killed Sigmund
  5626 | D:4      | Reached skill level 7 in Hexes
  5656 | D:4      | Found Butucijorgh's Antique Armour Boutique.
  5662 | D:4      | Bought a cloak for 103 gold pieces
  5786 | D:4      | Found Jotuemub's Book Boutique.
  5841 | D:4      | Found Siluypal's Jewellery Boutique.
  6027 | D:4      | Found Migitux's Gadget Boutique.
  6198 | D:4      | Reached skill level 8 in Hexes
  6198 | D:4      | Reached XP level 8. HP: 37/37 MP: 15/15
  6247 | D:5      | Entered Level 5 of the Dungeon
  6277 | D:5      | Noticed Eustachio
  6318 | D:5      | Killed Eustachio
  6318 | D:5      | Reached skill level 1 in Fighting
  6318 | D:5      | Reached skill level 1 in Ice Magic
  6490 | D:5      | Reached skill level 2 in Invocations
  6511 | D:5      | Reached skill level 2 in Fighting
  6511 | D:5      | Reached skill level 4 in Dodging
  6529 | D:5      | Found a sand-covered staircase.
  6538 | D:5      | Learned a level 3 spell: Tukima's Dance
  6542 | D:5      | Learned a level 3 spell: Dazzling Flash
  6544 | Ossuary  | Entered an ossuary
  6730 | Ossuary  | Reached *** piety under Dithmenos
  7482 | D:5      | Found a glowing silver altar of Zin.
  7613 | D:5      | Reached skill level 3 in Fighting
  7613 | D:5      | Reached skill level 5 in Dodging
  7613 | D:5      | Reached skill level 1 in Conjurations
  7614 | D:5      | marcb3: ??hyperbolic
  7614 | D:5      | beem: hyperbolic[1/4]: My 0.20 SpEn guide: SKILLS:
                  | Approximate goals are as follows: 1) 5 Short Blades, 8
                  | Stealth. 2) 4 Spellcasting, 8 Hexes. 3) 3 Fighting, 8
                  | Dodging. 4) 8 Short Blades, 12 Stealth. 5) 6
                  | Fighting/Spellcasting, 10 Short Blades/Hexes, 15
                  | Dodging/Stealth. 6) 10 Fighting, 27 Stealth, and whatever
                  | spell skills you want.
  7698 | D:5      | Found a snail-covered altar of Cheibriados.
  7716 | D:5      | You fall into a shaft and drop 1 floor!
  7721 | D:6      | Found a shimmering altar of Xom.
  7916 | D:6      | HP: 7/40 [acid (4)]
  7917 | D:6      | HP: 2/40 [acid (5)]
  7920 | D:6      | Splashed by a jelly's acid

Illustrated notes

Levels and vault maps discovered:
D:1:      nicolae_arrival_washed_ashore, layout_basic, minmay_pentomino_p2
D:2:      layout_rooms, old_standard_altar, nicolae_overflow_crystal_walls,
          old_standard_altar, serial_aquarium, aquarium_bridge_long_joined
          [aquarium_subvault_wall, aquarium_subvault_window,
          aquarium_subvault_bridge, aquarium_subvault_balcony,
          aquarium_subvault_balcony, aquarium_subvault_wall], aquarium_window_1,
          aquarium_window_corner, aquarium_view_2d, aquarium_pool_corner,
          kennysheep_generic_room_11
D:3:      layout_basic, marbit_many_paths, old_standard_altar,
          cheibrodos_sewer_entry_sluice, lemuel_altar_in_water2, uniq_natasha
D:4:      layout_basic, kennysheep_vampire_church, serial_shops, shop_statue,
          shop, nicolae_shop_behind_doors, kennysheep_mini_moat,
          kennysheep_mini, uniq_sigmund
D:5:      layout_loops_ring, lemuel_doored_altar, slow_altar_2,
          gup_ossuary_entry_pyramid, hangedman_decor_opposing,
          minmay_misc_feat_four_crosses, uniq_eustachio, uniq_menkaure
D:6:      wander_river, layout_loops_ring, lemuel_crystal_altar,
          minmay_temple_entry_trees, basic_altar, dk_xom_monty_hall

Skill      XL: |  1  2  3  4  5  6  7  8 |
---------------+-------------------------+-----
Stealth        | 5 6 8 |  8.3
Short Blades   | 2 4 5 |  5.2
Spellcasting   | 3 4 |  4.3
Hexes          | 4 5 8 |  8.0
Invocations    | 1 2 |  2.0
Fighting       | 3 |  3.0
Ice Magic      | 1 |  1.0
Dodging        | 5 |  5.9
Conjurations   | 1 |  1.0

Action                   |  1- 3 |  4- 6 |  7- 9 || total
-------------------------+-------+-------+-------++-------
Melee: Dagger            |    47 |   164 |   333 ||   544
 Cast: Corona            |     5 |     1 |       ||     6
       Ensorcelled Hiber |    23 |    66 |    19 ||   108
       Confusing Touch   |       |     1 |    15 ||    16
  Use: Scroll            |       |     8 |       ||     8
 Stab: Sleeping          |    22 |    44 |    19 ||    85
       Distracted        |     1 |       |     1 ||     2
       Confused          |       |     2 |    15 ||    17
Armor: Robe              |     1 |    25 |    15 ||    41
Dodge: Dodged            |    30 |   170 |   186 ||   386

Table legend: (Time is in decaauts)
 A = Elapsed time spent in this place.
 B = Non-inter-level travel time spent in this place.
 C = Inter-level travel time spent in this place.
 D = Time resting spent in this place.
 E = Time spent auto-exploring this place.
 F = Levels seen in this place.
 G = Mean time per level.
                   A        B        C        D        E       F      G
               +--------+--------+--------+--------+--------+-----+--------+
         Total |   6227 |   6087 |    140 |   1209 |   3405 |   8 |  778.4 |
       Dungeon |   5217 |   5077 |    140 |    961 |   3041 |   6 |  869.5 |
         Sewer |    346 |    346 |      0 |    213 |     71 |   1 |  346.0 |
       Ossuary |    664 |    664 |      0 |     35 |    292 |   1 |  664.0 |
               +--------+--------+--------+--------+--------+-----+--------+

Top non-repeatable levels by time:
     D:3: 1345 daAuts
     D:2: 1218 daAuts
     D:4: 1143 daAuts
     D:1: 864 daAuts
 Ossuary: 664 daAuts
     D:5: 469 daAuts
   Sewer: 346 daAuts
     D:6: 175 daAuts

Table legend:
 A = Kills in this place as a percentage of kills in entire the game.
 B = Kills by you in this place as a percentage of kills by you in the entire game.
 C = Kills by friends in this place as a percentage of kills by friends in the entire game.
 D = Other kills in this place as a percentage of other kills in the entire game.
 E = Experience gained in this place as a percentage of experience gained in the entire game.
 F = Experience gained in this place divided by the number of levels of this place that you have seen.
                   A       B       C       D       E      F
               +-------+-------+-------+-------+-------+----------------------
         Total | 100.0 | 100.0 |   N/A |   N/A | 100.0 | 306.4
       Dungeon |  71.0 |  71.0 |   N/A |   N/A |  81.8 | 334.2
         Sewer |   3.9 |   3.9 |   N/A |   N/A |   6.6 | 162.0
       Ossuary |  25.2 |  25.2 |   N/A |   N/A |  11.6 | 284.0
               +-------+-------+-------+-------+-------+----------------------
